cohdb
Replays
Latest Replays
All Replays
Popular Replays
Top Player Replays
Match Explorer
How It Works
Community
CoH3 Stats
Reddit
Sign in to upload your games and track your stats! →
Sign in with Steam
Match 42440226
Unlisted
Match 42440226
Overview
Messages
Build Orders
End
Pioneer Squad
Construct Infanterie Kompanie
Grenadier Squad
Grenadier Squad
Grenadier Squad
MG 42 Machine Gun Team
Infanterie Officer Quarters
Construct Panzergrenadier Kompanie
Selects Mechanized Battlegroup
Pak 40 Anti-tank Gun Team
Pak 40 Anti-tank Gun Team
Selects Raid Package
Grenadier Squad
Support Elements
Nebelwerfer 42 Rocket Launcher Team
Medical Bunker
Selects StuG Assault Group
StuG Assault Group
Pioneer Squad
Selects Panther Heavy Tank
Panther Heavy Tank
ariete
REGULATOR
0
0
Comments
sign in to comment!
No comments posted yet!